 Dungeon Crawl Stone Soup version 0.29.0-4-gdea44cf6ec (webtiles) character file.

Game seed: 17373425811223363328

149 qw the Chopper (level 5, -2/67 HPs)
             Began as a Minotaur Berserker on Sept 10, 2022.
             Was a Believer of Trog.
             Succumbed to a killer bee's poison
             ... on level 4 of the Dungeon.
             The game lasted 00:00:48 (3157 turns).

qw the Chopper (Minotaur Berserker)                 Turns: 3157, Time: 00:00:48

Health: -2/67      AC:  7    Str: 24    XL:     5   Next: 9%
Magic:  0/4        EV: 10    Int:  6    God:    Trog [**....]
Gold:   99         SH:  0    Dex:  9    Spells: 4/4 levels left

rFire   . . .      SeeInvis .   n - +0 war axe
rCold   + . .      Faith    .   (no shield)
rNeg    . . .      Spirit   +   h - +0 scale mail
rPois   .          Reflect  .   (helmet restricted)
rElec   +          Harm     .   (no cloak)
rCorr   .          Rampage  .   j - +0 pair of gloves
Will    .....                   (no boots)
Stlth   ..........              c - amulet of Xecyod {Spirit rElec rC+ Int+2}
HPRegen 0.21/turn               (no ring)
MPRegen 0.09/turn               (no ring)

@: berserking, lethally poisoned (-2 -> -29), very quick
A: horns 2, retaliatory headbutt
a: Renounce Religion, Berserk, Trog's Hand


You were on level 4 of the Dungeon.
You worshipped Trog.
Trog was pleased with you.
You visited 1 branch of the dungeon, and saw 4 of its levels.

You collected 99 gold pieces.


Innate Abilities, Weirdness & Mutations

You have a pair of horns on your head.
You reflexively headbutt those who attack you in melee.


   Skills:
 + Level 3.6 Fighting
 - Level 7.0 Axes
 - Level 2.4 Armour
 - Level 2.1 Dodging


You had 4 spell levels left.
You didn't know any spells.
Your spell library was empty.

Inventory:

Hand Weapons
 g - a +0 flail
 n - a +0 war axe (weapon)
Armour
 d - a +0 pair of boots
 f - a +2 hat
 h - a +0 scale mail (worn)
 j - a +0 pair of gloves (worn)
Jewellery
 c - the amulet of Xecyod (around neck) {Spirit rElec rC+ Int+2}
   (You acquired it on level 2 of the Dungeon)

   [amulet of guardian spirit]

   It causes incoming damage to be divided between your reserves of health and
   magic.
   Int:       It affects your intelligence (+2).
   rC:        It protects you from cold.
   rElec:     It insulates you from electricity.
 i - a +4 ring of evasion
Scrolls
 a - 2 scrolls of identify
 e - a scroll of teleportation
 o - a scroll of vulnerability {unknown}
Potions
 b - a potion of cancellation {unknown}
 k - 3 potions of curing {unknown}
 l - a potion of magic {unknown}
 m - a potion of berserk rage {unknown}

Dungeon Overview and Level Annotations

Branches:
Dungeon (3/15)

Altars:
Cheibriados
Sif Muna

Annotations:
D:1 1 runed translucent door


Message History

You miss the killer bee.
The killer bee buzzes angrily.
You hear a shout!
The killer bee barely misses you. x2; The killer bee completely misses you.
A kobold comes into view. It is wielding a +0 whip.
The killer bee stings you. x2
You are poisoned.
The killer bee poisons you! The killer bee stings you.
You slash the killer bee!
You kill the killer bee!
Trog accepts your kill.
You miss the killer bee. x2
You feel very sick. The killer bee stings you.
You are more poisoned.
The killer bee poisons you! The killer bee barely misses you.
The killer bee stings you. The killer bee closely misses you.
You furiously retaliate!
You headbutt the killer bee!
Your Axes skill increases to level 7!
You have reached level 5!
3155 ||| INVOKING Berserk.
A red film seems to cover your vision as you go berserk!
You feel yourself moving faster!
You feel mighty!
You feel very sick.
The killer bee stings you but does no damage. x2
The killer bee barely misses you.
The killer bee stings you but does no damage.
The killer bee stings you.
You are more poisoned.
The killer bee poisons you! The killer bee closely misses you.
You closely miss the killer bee.
The killer bee is heavily wounded.
You barely miss the killer bee. x2
You feel very sick. The killer bee closely misses you.
The killer bee completely misses you. The killer bee stings you!
You are more poisoned.
The killer bee poisons you!
You hit the killer bee.
The killer bee is severely wounded.
You completely miss the killer bee. You closely miss the killer bee.
You die...

##.###########
.)..K.y@.....#
...###yy...#?#
#.....#.#
#...).#.#
#.....#.#
.###.....#.#
...^.......#
....######## .


You could see 3 killer bees and a kobold.

Vanquished Creatures
  A killer bee (D:4)
  4 gnolls
  2 adders (D:2)
  A worm (D:2)
  2 dart slugs
  An orc (D:2)
  3 ball pythons
  2 endoplasms
  6 goblins
  3 hobgoblins
  4 jackals (D:1)
  3 quokkas
  3 bats
  2 frilled lizards
  2 kobolds
  6 rats
45 creatures vanquished.

Notes
Turn   | Place    | Note
-------+----------+-------------------------------------------
     0 | D:1      | qw the Minotaur Berserker began the quest for the Orb.
     0 | D:1      | Reached XP level 1. HP: 19/19 MP: 0/0
     0 | D:1      | 0 ||| qw: Version: 0.1-a-116-g5d60599
     0 | D:1      | 0 ||| qw: Game counter: 7435
     0 | D:1      | 0 ||| qw: Always use a shield: true
     0 | D:1      | 0 ||| qw: Do Orc after D:15 true
     0 | D:1      | 0 ||| qw: Do second Lair branch before Depths: true
     0 | D:1      | 0 ||| qw: Lair rune preference: random
     0 | D:1      | 0 ||| qw: Plans: Normal
     0 | D:1      | 0 ||| PLANNING D:1-11
     1 | D:1      | Found a runed translucent door.
    91 | D:1      | Reached skill level 4 in Axes
   107 | D:1      | 107 ||| Stepping ~*~*~tactically~*~*~ (stealth).
   158 | D:1      | 158 ||| INVOKING Berserk.
   160 | D:1      | Reached XP level 2. HP: 12/26 MP: 1/1
   607 | D:1      | 607 ||| Stepping ~*~*~tactically~*~*~ (stealth).
   609 | D:1      | 609 ||| Stepping ~*~*~tactically~*~*~ (stealth).
   771 | D:1      | 771 ||| INVOKING Berserk.
   774 | D:1      | Reached skill level 5 in Axes
   774 | D:1      | Reached XP level 3. HP: 31/31 MP: 2/2
   881 | D:1      | 881 ||| DROPPING +0 club.
  1143 | D:1      | 1143 ||| UPGRADING to +0 leather armour.
  1153 | D:1      | 1153 ||| DROPPING +0 animal skin.
  1154 | D:1      | 1154 ||| UPGRADING to +0 pair of gloves.
  1159 | D:1      | 1159 ||| READING 3 scrolls labelled CIAZUAGGOV.
  1160 | D:1      | 1160 ||| READING scroll labelled PIBERI SUDYFE.
  1296 | D:1      | 1296 ||| READING scroll labelled JOMAP NAUSEUTU.
  1297 | D:1      | 1297 ||| READING scroll labelled EQODUU HEHU.
  1300 | D:1      | 1300 ||| READING 2 scrolls of identify.
  1300 | D:1      | 1300 ||| IDENTIFYING white potion
  1301 | D:1      | 1301 ||| DROPPING potion of ambrosia.
  1344 | D:2      | 1344 ||| STAIRDANCE
  1397 | D:2      | Reached ** piety under Trog
  1460 | D:2      | 1460 ||| FLEEEEING.
  1462 | D:2      | 1462 ||| FLEEEEING.
  1463 | D:2      | 1463 ||| FLEEEEING.
  1464 | D:2      | 1464 ||| FLEEEEING.
  1465 | D:2      | 1465 ||| FLEEEEING.
  1466 | D:2      | 1466 ||| FLEEEEING.
  1467 | D:2      | 1467 ||| STAIRDANCE
  1519 | D:2      | 1519 ||| STAIRDANCE
  1643 | D:2      | 1643 ||| Stepping ~*~*~tactically~*~*~ (stealth).
  1648 | D:2      | 1648 ||| Stepping ~*~*~tactically~*~*~ (stealth).
  1785 | D:2      | 1785 ||| INVOKING Berserk.
  1892 | D:2      | Found a faded altar of an unknown god.
  2061 | D:2      | Reached XP level 4. HP: 39/39 MP: 3/3
  2082 | D:2      | 2082 ||| INVOKING Berserk.
  2085 | D:2      | Reached skill level 6 in Axes
  2212 | D:2      | 2212 ||| DROPPING +0 whip.
  2436 | D:2      | 2436 ||| UPGRADING to +0 scale mail.
  2446 | D:2      | 2446 ||| DROPPING +0 leather armour.
  2447 | D:2      | 2447 ||| READING scroll labelled INAPOTENY SORI.
  2448 | D:2      | 2448 ||| READING scroll labelled CONUUNASHRA.
  2449 | D:2      | 2449 ||| READING scroll labelled PAHUGI TOXTOAT.
  2449 | D:2      | Identified a scroll of acquirement
  2449 | D:2      | 2449 ||| ACQUIRING amulet of Xecyod {Spirit rElec rC+
                  | Int+2}
  2449 | D:2      | Acquired the amulet of Xecyod {Spirit rElec rC+ Int+2}
  2451 | D:2      | 2451 ||| UPGRADING to amulet of Xecyod {Spirit rElec rC+
                  | Int+2}.
  2521 | D:3      | 2521 ||| Stepping ~*~*~tactically~*~*~ (hiding).
  2699 | D:3      | Found a shimmering blue altar of Sif Muna.
  2752 | D:3      | 2752 ||| SWAPPING to +0 war axe.
  2753 | D:3      | 2753 ||| DROPPING +1 hand axe.
  3130 | D:3      | Found a snail-covered altar of Cheibriados.
  3134 | D:3      | You fall into a shaft and drop 1 floor!
  3155 | D:4      | Reached skill level 7 in Axes
  3155 | D:4      | Reached XP level 5. HP: 12/45 MP: 1/4
  3155 | D:4      | 3155 ||| INVOKING Berserk.
  3155 | D:4      | HP: 15/67 [poisoned by a killer bee]
  3156 | D:4      | HP: 2/67 [killer bee (6)]
  3157 | D:4      | Succumbed to a killer bee's poison

Levels and vault maps discovered:
D:1:      dpeg_arrival_caged_fury, layout_basic
D:2:      layout_basic, ebering_ecumenical_altar_abandoned
D:3:      layout_basic, cheibriados_altar_1, mainiacjoe_overflow_boulevard
D:4:      layout_basic, minmay_temple_entry_stoned_glass, serial_bayou_pond_c

Skill      XL: |  1  2  3  4 |
---------------+-------------+-----
Axes           | 4 5 7 |  7.0
Fighting       | |  3.6
Armour         | |  2.4
Dodging        | |  2.1

Action                   |  1- 3 |  4- 6 || total
-------------------------+-------+-------++-------
Melee: Hand axe          |    62 |     7 ||    69
       Headbutt          |    10 |     4 ||    14
       Punch             |     1 |       ||     1
       War axe           |       |    13 ||    13
Invok: Berserk           |     3 |     2 ||     5
  Use: Scroll            |     5 |     3 ||     8
Armor: Animal skin       |     1 |       ||     1
       Leather armour    |     5 |       ||     5
       Scale mail        |       |     7 ||     7
Dodge: Dodged            |    35 |    13 ||    48

Table legend:
 A = Non-vault XP
 B = Vault XP
 C = Vault XP percentage of total XP
 D = Non-vault monster count
 E = Vault monster count
 F = Vault count percentage of total count
                 A         B        C        D         E       F
            +---------+---------+-------+---------+---------+-------
      Total |     213 |       0 |   0.0 |      45 |       0 |   0.0
            +---------+---------+-------+---------+---------+-------
        D:1 |      44 |       0 |   0.0 |      18 |       0 |   0.0
        D:2 |     100 |       0 |   0.0 |      20 |       0 |   0.0
        D:3 |      10 |       0 |   0.0 |       6 |       0 |   0.0
        D:4 |      59 |       0 |   0.0 |       1 |       0 |   0.0
            +---------+---------+-------+---------+---------+-------
